Warning! The script has encountered some errors when parsing the replay. Please report them to the . » details
0x00, prev: 0x16: 16 02 01 00 56 61 00 00 61 A4 00 00 [00] 00 00 00 00 00 00 00 00 00 00 00 00 00 00 00 00 00 00 00 00 00 00 00 01 00
0x00, prev: 0x00: 16 02 01 00 56 61 00 00 61 A4 00 00 00 00 00 00 00 00 00 00 00 00 00 00 00 00 00 00 00 00 00 00 00 00 [00] 00 01 00
0x00, prev: 0x01: 16 02 01 00 56 61 00 00 61 A4 00 00 00 00 00 00 00 00 00 00 00 00 00 00 00 00 00 00 00 00 00 00 00 00 00 00 01 [00]
0x00, prev: 0x02: 16 02 01 00 7B 70 00 00 C8 A0 03 00 00 00 00 00 00 00 00 00 00 00 00 00 00 00 00 00 00 00 00 00 00 00 00 00 02 [00]
0x00, prev: 0x05: 16 02 01 00 56 61 00 00 61 A4 00 00 00 00 00 00 00 00 00 00 00 00 00 00 00 00 00 00 00 00 00 00 00 00 00 00 05 [00]
General information
- name: BNet
- type: Ladder 1vs1/FFA
- host: Battle.net
- saver: brucewillisusa
map: TwistedMeadows
- players: 4
- length: 29:39
- speed: Fast
- version: 1.23 W3XP
- replay type: Public
» download(111 KB)
Players
team 1 (winner)
brucewillisusa (
pink | 89 APM | 1987 actions | 22:25)
9 Blademaster
3 Wind Walk
3 Critical Strike
1 Bladestorm
2 Mirror Image
» actions
| Assign group hotkey | 86 | |
| Basic commands | 4 | |
| Build / train | 106 | |
| ESC pressed | 1 | |
| Enter build submenu | 44 | |
| Enter hero's abilities submenu | 9 | |
| Give item / drop item | 5 | |
| Right click | 747 | |
| Select / deselect | 276 | |
| Select group hotkey | 506 | |
| Use ability | 203 | |
1987 total
» units
| Peon | 23 | |
| Troll Batrider | 26 | |
| Goblin Sapper | 8 | |
| Goblin Zeppelin | 1 | |
| Goblin Shredder | 1 | |
59 total
» upgrades
| Reinforced Defenses | 1 | |
| Armor | 2 | |
| Liquid Fire | 1 | |
| Ranged Weapons | 2 | |
6 total
» buildings
| Altar of Storms | 1 | |
| Orc Burrow | 5 | |
| War Mill | 1 | |
| Voodoo Lounge | 1 | |
| Watch Tower | 28 | |
| Stronghold | 2 | |
| Fortress | 1 | |
| Great Hall | 2 | |
| Beastiary | 4 | |
45 total
» build order
00:05 Altar of Storms
00:09 Orc Burrow
00:52 War Mill
01:04 Voodoo Lounge
02:11 Watch Tower
02:29 Watch Tower
03:18 Stronghold
03:18 Stronghold
03:21 Watch Tower
03:25 Watch Tower
04:26 Watch Tower
04:27 Watch Tower
05:31 Orc Burrow
05:50 Fortress
06:03 Watch Tower
06:04 Watch Tower
06:05 Watch Tower
06:15 Watch Tower
06:22 Watch Tower
06:30 Great Hall
07:34 Great Hall
07:57 Watch Tower
08:23 Watch Tower
08:33 Beastiary
08:35 Beastiary
08:38 Watch Tower
08:42 Orc Burrow
09:39 Watch Tower
09:43 Watch Tower
09:45 Watch Tower
10:53 Watch Tower
10:54 Watch Tower
11:12 Watch Tower
15:51 Beastiary
15:52 Beastiary
15:55 Orc Burrow
15:56 Orc Burrow
21:50 Watch Tower
21:50 Watch Tower
21:51 Watch Tower
21:56 Watch Tower
21:56 Watch Tower
21:58 Watch Tower
» items
| Lesser Clarity Potion | 12 | |
| Healing Salve | 5 | |
| Boots of Speed | 1 | |
| Staff of Teleportation | 1 | |
| Orb of Lightning | 1 | |
| Scroll of Town Portal | 1 | |
| Potion of Healing | 1 | |
| Potion of Mana | 2 | |
| Tiny Great Hall | 2 | |
26 total
team 2 (loser)
Player 2 (
red | 139 APM | 2102 actions | 15:06)
3 Demon Hunter
1 Mana Burn
1 Evasion
1 Immolation
1 Keeper of the Grove
1 Entangling Roots
» actions
| Assign group hotkey | 30 | |
| Build / train | 97 | |
| ESC pressed | 2 | |
| Enter build submenu | 44 | |
| Enter hero's abilities submenu | 4 | |
| Right click | 868 | |
| Select / deselect | 309 | |
| Select group hotkey | 696 | |
| Use ability | 52 | |
2102 total
» units
| Wisp | 35 | |
| Archer | 5 | |
| Chimaera | 11 | |
| Hippogryph | 13 | |
| Goblin Shredder | 2 | |
66 total
» upgrades
| Strength of the Moon | 1 | |
| Strength of the Wild | 2 | |
| Reinforced Hides | 2 | |
| Corrosive Breath | 1 | |
6 total
» buildings
| Altar of Elders | 1 | |
| Moon Well | 8 | |
| Ancient of War | 1 | |
| Tree of Ages | 4 | |
| Hunter's Hall | 1 | |
| Tree of Life | 1 | |
| Ancient Protector | 17 | |
| Tree of Eternity | 2 | |
| Ancient of Wind | 2 | |
| Chimaera Roost | 3 | |
40 total
» build order
00:08 Altar of Elders
00:17 Moon Well
00:31 Ancient of War
01:33 Moon Well
03:08 Tree of Ages
03:09 Tree of Ages
03:16 Moon Well
03:34 Hunter's Hall
05:30 Tree of Life
05:38 Ancient Protector
05:40 Ancient Protector
05:47 Tree of Eternity
05:47 Tree of Eternity
06:14 Ancient of Wind
06:20 Ancient Protector
06:35 Ancient Protector
08:11 Chimaera Roost
08:14 Chimaera Roost
08:23 Chimaera Roost
09:07 Ancient Protector
10:04 Ancient of Wind
10:16 Ancient Protector
10:21 Ancient Protector
10:24 Ancient Protector
10:29 Ancient Protector
10:34 Ancient Protector
11:12 Ancient Protector
11:12 Moon Well
11:48 Ancient Protector
» items
| Dust of Appearance | 1 | |
| Staff of Teleportation | 1 | |
2 total
team 3 (loser)
Player 3 (
purple | 73 APM | 1641 actions | 22:25)
5 Demon Hunter
3 Mana Burn
2 Evasion
5 Warden
2 Shadow Strike
3 Fan of Knives
3 Priestess of the Moon
2 Trueshot Aura
1 Searing Arrows
» actions
| Assign group hotkey | 25 | |
| Basic commands | 54 | |
| Build / train | 86 | |
| ESC pressed | 1 | |
| Enter build submenu | 28 | |
| Enter hero's abilities submenu | 13 | |
| Give item / drop item | 6 | |
| Remove unit from queue | 3 | |
| Right click | 729 | |
| Select / deselect | 605 | |
| Select group hotkey | 19 | |
| Use ability | 66 | |
1641 total
» units
| Wisp | 22 | |
| Archer | 5 | |
| Huntress | 2 | |
| Dryad | 3 | |
| Hippogryph | 10 | |
| Chimaera | 3 | |
| Goblin Zeppelin | 1 | |
| Druid of the Talon | 2 | |
48 total
» upgrades
| Strength of the Wild | 3 | |
| Reinforced Hides | 3 | |
| Corrosive Breath | 1 | |
| Druid of the Talon Training | 2 | |
| Abolish Magic | 0 | |
9 total
» buildings
| Altar of Elders | 1 | |
| Moon Well | 9 | |
| Ancient of War | 1 | |
| Tree of Ages | 1 | |
| Hunter's Hall | 1 | |
| Tree of Life | 3 | |
| Ancient of Wonders | 1 | |
| Ancient of Lore | 2 | |
| Tree of Eternity | 1 | |
| Ancient of Wind | 3 | |
| Chimaera Roost | 2 | |
| Ancient Protector | 2 | |
27 total
» build order
00:10 Altar of Elders
00:19 Moon Well
00:47 Ancient of War
01:38 Moon Well
02:37 Tree of Ages
03:03 Hunter's Hall
03:31 Moon Well
04:33 Moon Well
06:06 Tree of Life
06:13 Ancient of Wonders
06:26 Ancient of Lore
07:22 Tree of Eternity
07:29 Ancient of Wind
07:35 Moon Well
08:23 Ancient of Wind
09:49 Chimaera Roost
09:59 Chimaera Roost
13:06 Moon Well
13:09 Moon Well
13:13 Moon Well
15:15 Ancient of Lore
17:59 Tree of Life
18:27 Ancient Protector
18:30 Ancient Protector
19:46 Ancient of Wind
22:25 Tree of Life
» items
| Potion of Lesser Invulnerability | 2 | |
| Scroll of Protection | 1 | |
| Orb of Venom | 2 | |
| Potion of Healing | 2 | |
| Staff of Preservation | 1 | |
8 total
team 4 (loser)
Player 4 (
orange | 28 APM | 252 actions | 08:51)
2 Blood Mage
1 Flame Strike
1 Banish
» actions
| Build / train | 22 | |
| Enter build submenu | 12 | |
| Enter hero's abilities submenu | 2 | |
| Right click | 137 | |
| Select / deselect | 61 | |
| Use ability | 18 | |
252 total
» units
| Peasant | 4 | |
| Footman | 10 | |
| Forest Troll Berserker | 1 | |
| Mud Golem | 1 | |
16 total
» buildings
| Altar of Kings | 1 | |
| Farm | 4 | |
| Barracks | 2 | |
| Scout Tower | 1 | |
| Arcane Vault | 1 | |
| Arcane Tower | 1 | |
| Keep | 1 | |
| Blacksmith | 1 | |
12 total
» build order
00:16 Altar of Kings
00:21 Farm
01:22 Barracks
02:06 Barracks
03:00 Scout Tower
03:14 Arcane Vault
04:35 Farm
05:59 Farm
06:40 Arcane Tower
06:46 Keep
07:11 Blacksmith
07:26 Farm
» items
Chat log
(06:51 / All) brucewillisusa: nice hacks red
(08:23 / All) brucewillisusa: ill think real hard how to counter that
(08:41 / All) Player 2: orc aerio
(08:45 / All) Player 2: bats
(08:46 / All) brucewillisusa: stf hacker
(09:01 / All) brucewillisusa: purple ill help u win as long as red loses
(09:03 / All) brucewillisusa: he maphacks
(11:12 / All) brucewillisusa: around whole map
(12:08 / All) Player 2: atrack orc
(12:14 / All) brucewillisusa: he knows im suiciding on you
(12:15 / All) brucewillisusa: dumb beaner
(12:18 / All) brucewillisusa: fuilnho da puta
(13:32 / All) Player 2: mh
(13:37 / All) brucewillisusa: ...
(13:38 / All) brucewillisusa: u idiot
(13:44 / All) brucewillisusa: i see ur stupid ari runnign righ t at me
(13:49 / All) brucewillisusa: lol i got a sapper for his expo
(13:52 / All) brucewillisusa: and he sends air to intercept
(13:56 / All) brucewillisusa: then he got mad when i detonated
(14:06 / All) brucewillisusa: stupid brazilian
(14:07 / All) brucewillisusa: get the fuck out
(14:41 / All) brucewillisusa: ahahahahha
(14:42 / All) brucewillisusa: hacker scum
(15:09 / All) brucewillisusa: what a scumbag
(15:14 / All) brucewillisusa: he dusted me as soon as i came in his base
(15:28 / All) Player 3: u massed bats?
(15:34 / All) brucewillisusa: yea
(22:25 / All) brucewillisusa: he was pathetic